 Dungeon Crawl Stone Soup version 0.30.0-5-g1a98f26d00 (webtiles) character file.

Game seed: 5596301337037176110

10582 Pimp the Zephyrmancer (level 11, -10/63 HPs)
             Began as a Tengu Air Elementalist on May 11, 2023.
             Was a Priest of Vehumet.
             Mangled by a shadow (23 damage)
             ... on level 11 of the Dungeon.
             The game lasted 00:55:15 (14765 turns).

Pimp the Zephyrmancer (Tengu Air Elementalist)     Turns: 14765, Time: 00:55:16

Health: -10/63     AC: 11    Str:  8 (9)  XL:     11   Next: 64%
Magic:  21/21      EV: 20    Int: 20      God:    Vehumet [***...]
Gold:   512        SH:  9    Dex: 25 (26) Spells: 2/22 levels left

rFire   . . .        t - +8 eveningstar "Soef" {heavy, rN+ Int+3}
rCold   . . .        (no shield)
rNeg    + . .        v - +2 acid dragon scales
rPois   .            s - +2 hat
rElec   .            (no cloak)
rCorr   +            (no gloves)
SInv    .            (boots unavailable)
Will    ++...        m - amulet of Capsoc {Reflect -Tele Will++ Dex+3 SH+5}
Stlth   ++++         q - +6 ring of dexterity
HPRegen 0.30/turn    (no ring)
MPRegen 0.17/turn

%: no teleportation, reflection
@: flying quickly and evasively, quick
A: beak, talons 3, nimble flight, large bone plates 1, noise suppression
a: Renounce Religion


You were on level 11 of the Dungeon.
You worshipped Vehumet.
Vehumet was most pleased with you.
You visited 1 branch of the dungeon, and saw 11 of its levels.
You also visited: Bailey.

You collected 512 gold pieces.

Inventory:

Hand Weapons
 c - a +2 short sword
 t - the +8 eveningstar "Soef" (weapon) {heavy, rN+ Int+3}
   (You found it in a bailey)

   Int:       It affects your intelligence (+3).
   rN:        It protects you from negative energy.
Armour
 a - a +2 robe
 s - a +2 hat (worn)
 v - +2 acid dragon scales (worn)
 x - a +1 ring mail of willpower
Magical Staves
 l - a staff of air
Jewellery
 e - an amulet of the acrobat
 m - the amulet of Capsoc (around neck) {Reflect -Tele Will++ Dex+3 SH+5}
   (You acquired it in a bailey)

   [amulet of reflection]

   It reflects blocked missile attacks.
   Dex:       It affects your dexterity (+3).
   -Tele:     It prevents most forms of teleportation.
   SH:        It affects your SH (+5).
   Will:      It greatly increases your willpower.
 q - a +6 ring of dexterity (left hand)
Wands
 p - a wand of polymorph (6)
 w - a wand of light (7)
Scrolls
 b - a scroll of blinking {unknown}
 g - a scroll of fear {unknown}
 h - 5 scrolls of amnesia
 j - 3 scrolls of enchant armour
 k - 8 scrolls of teleportation
 n - a scroll of fog
 o - 10 scrolls of identify
 u - 3 scrolls of poison
 y - a scroll of butterflies
 C - a scroll of silence {unknown}
Potions
 d - 6 potions of curing
 f - 2 potions of mutation
 i - 2 potions of degeneration
 r - a potion of might
 z - a potion of magic
 A - a potion of brilliance
 B - a potion of cancellation {unknown}


   Skills:
 + Level 5.1 Fighting
 - Level 5.2 Short Blades
 * Level 2.5 Maces & Flails
 + Level 5.6 Armour
 + Level 7.6 Dodging
 + Level 7.6 Stealth
 + Level 6.4 Spellcasting
 + Level 8.9 Conjurations
 + Level 9.7 Air Magic
 + Level 3.6 Poison Magic


You had 2 spell levels left.
You knew the following spells:

 Your Spells              Type           Power      Damage    Failure   Level
a - Shock                 Conj/Air       100%       1d9       1%          1
b - Static Discharge      Conj/Air       86%        2-6/arc   1%          2
c - Vhi's Electric Charg  Tloc/Air       50%        N/A       7%          3
d - Airstrike             Air            22%        2d(4-20)  1%          4
e - Arcjolt               Conj/Air       21%        1d31      2%          5
f - Poisonous Vapours     Pois/Air       66%        N/A       1%          2
g - Swiftness             Air            45%        N/A       1%          3

Your spell library contained the following spells:

 Spells                   Type           Power      Damage    Failure   Level
 Mephitic Cloud           Conj/Pois/Air  36%        N/A       1%          3
 Necrotise                Necr           24%        1d5       17%         1
 Summon Small Mammal      Summ           24%        N/A       17%         1
 Hailstorm                Conj/Ice       24%        3d7       2%          3
 Olgreb's Toxic Radiance  Pois           20%        N/A       11%         4
 Call Canine Familiar     Summ           6%         N/A       45%         3
 Summon Guardian Golem    Hex/Summ       6%         N/A       45%         3
 Vampiric Draining        Necr           6%         2d6       45%         3
 Plasma Beam              Fire/Air       12%        2x1d26    63%         6
 Animate Dead             Necr           6%         N/A       86%         4
 Ice Form                 Ice/Tmut       6%         N/A       86%         4
 Agony                    Necr           6%         N/A       99%         5
 Simulacrum               Ice/Necr       3%         N/A       100%        6
 Haunt                    Necr/Summ      3%         N/A       100%        7
 Discord                  Hex            3%         N/A       100%        8
 Ignition                 Fire           3%         3d4       100%        8
 Infestation              Necr           3%         N/A       100%        8
 Chain Lightning          Conj/Air       21%        3d28      100%        9
 Fire Storm               Conj/Fire      12%        8d3       100%        9
 Shatter                  Erth           3%         3d7*      100%        9


Dungeon Overview and Level Annotations

Branches:
Dungeon (11/15)            Temple (0/1) D:4          Bailey (visited)
   Lair: D:8-11         Orc: D:9-12

Altars:
Cheibriados
Gozag
Hepliaklqana
Makhleb
Vehumet
Wu Jian

Shops:
D:4 !


Innate Abilities, Weirdness & Mutations

You have a beak for a mouth.
You have claws for feet.
Your magical nature lets you fly swiftly and evasively.
You are partially covered in large bone plates. (SH +4)
You passively dampen the noise of your surroundings.


Message History

You barely miss the troll. You claw the troll.
The troll is moderately wounded.
The troll closely misses you. The troll completely misses you.
The troll barely misses you.
Unknown command.
You feel clever.
t - the +8 eveningstar "Soef" (weapon)
{heavy, rN+ Int+3} You bludgeon the troll!!
The troll is almost dead.
The troll bites you but does no damage. The troll misses you.
You block the troll's attack. The troll bites you but does no damage.
You block the troll's attack. x2
You barely miss the troll. You peck the troll.
The troll is almost dead.
The troll misses you. The troll closely misses you. The troll misses you.
The troll closely misses you. x2; The troll claws you.
You puncture the troll!
The troll is almost dead.
You block the troll's attack. The troll closely misses you.
The troll completely misses you. The troll bites you! The troll claws you!
You block the troll's attack.
You barely miss the troll. Your kick misses the troll.
The troll is almost dead.
The troll completely misses you. You block the troll's attack.
The troll closely misses you. The troll bites you. The troll claws you.
The troll misses you.
You thump the troll!
You kill the troll!
Vehumet accepts your kill.
The troll leather armour is intact enough to wear.
The shadow strikes at you from the darkness!
* * * LOW HITPOINT WARNING * * *
Reactivating autopickup.
You block the shadow's attack.
You feel your strength returning.
The shadow slips into darkness.
The shadow flickers and vanishes!
Deactivating autopickup; reactivate with Ctrl-A.
The shadow strikes at you from the darkness!
You die...

#########
#.[.....$
#.#######
###.#
#...#######
#..........
#..)#######
#######..#
#...@....#
#.#####.##
#<# #.# #.#
#.# #.# #.#
..# #.# ###
#.# ...


There were no monsters in sight!

Vanquished Creatures
  An orc warlord (Bailey)
  A centaur warrior (D:10)
  Pikel (D:4)
  A gargoyle (D:10)
  3 kobold demonologists (D:9)
  A troll (D:11)
  Grinder (D:6)
  Sigmund (D:4)
  A vampire (D:10)
  A wraith (D:10)
  2 wyverns
  12 yaks
  Edmund (D:6)
  3 vampire mosquitoes (D:10)
  An acid dragon (D:8)
  3 water moccasins
  4 orc warriors
  3 black bears
  5 ice beasts
  2 sky beasts
  An ogre (D:4)
  A centaur (D:10)
  2 phantoms
  3 kobold brigands (D:9)
  5 bullfrogs
  2 gnoll sergeants
  A necrophage (D:7)
  2 scorpions
  3 wights (D:6)
  7 killer bees
  2 howler monkeys
  3 hounds
  3 jellies
  6 orc priests
  2 sleepcaps
  4 iguanas
  4 orc wizards
  A hound skeleton (D:7)
  9 gnolls
  13 adders
  A white imp (D:6)
  2 worms
  2 dart slugs
  26 orcs
  A ball python (D:2)
  7 bats
  6 endoplasms
  4 giant cockroaches
  12 goblins
  9 hobgoblins
  4 jackals
  2 quokkas
  6 frilled lizards
  19 kobolds
  4 rats
227 creatures vanquished.

Notes
Turn   | Place    | Note
-------+----------+-------------------------------------------
     0 | D:1      | Pimp the Tengu Air Elementalist began the quest for the
                  | Orb.
     0 | D:1      | Reached XP level 1. HP: 10/10 MP: 4/4
   208 | D:1      | Reached XP level 2. HP: 15/15 MP: 6/6
   585 | D:1      | Found a faded altar of an unknown god.
   741 | D:1      | Reached XP level 3. HP: 19/19 MP: 3/7
   744 | D:1      | Learned a level 2 spell: Static Discharge
  1705 | D:2      | Reached XP level 4. HP: 20/24 MP: 0/8
  1774 | D:2      | Found a hazy altar of Hepliaklqana.
  2019 | D:3      | Found a radiant altar of Vehumet.
  2065 | D:3      | Became a worshipper of Vehumet
  2246 | D:3      | Gained mutation: You passively dampen the noise of your
                  | surroundings. [potion of mutation]
  2246 | D:3      | Gained mutation: You are partially covered in large bone
                  | plates. (SH +4) [potion of mutation]
  2647 | D:4      | Gained mutation: Your magical nature lets you fly swiftly
                  | and evasively. [Tengu growth]
  2647 | D:4      | Reached XP level 5. HP: 16/28 MP: 0/9
  2875 | D:4      | Found Gaweuces's Distillery.
  3151 | D:4      | Reached skill level 5 in Air Magic
  3381 | D:4      | Noticed an ogre
  3411 | D:4      | Killed an ogre
  3412 | D:4      | Reached XP level 6. HP: 26/32 MP: 1/11
  3513 | D:4      | Noticed a black bear
  3546 | D:4      | Killed a black bear
  3618 | D:4      | Found a staircase to the Ecumenical Temple.
  3650 | D:4      | Noticed Pikel
  3655 | D:4      | Reached XP level 7. HP: 34/36 MP: 7/13
  3660 | D:4      | Reached * piety under Vehumet
  3660 | D:4      | Offered knowledge of Sandblast by Vehumet.
  3663 | D:4      | Killed Pikel
  3664 | D:4      | Reached skill level 5 in Conjurations
  3664 | D:4      | Reached skill level 6 in Air Magic
  3664 | D:4      | Reached XP level 8. HP: 26/41 MP: 5/15
  4019 | D:4      | Noticed Sigmund
  4035 | D:4      | Killed Sigmund
  4036 | D:4      | Reached skill level 5 in Dodging
  4255 | D:5      | Entered Level 5 of the Dungeon
  4284 | D:5      | Reached skill level 5 in Stealth
  4541 | D:5      | Reached skill level 1 in Short Blades
  4541 | D:5      | Reached skill level 1 in Armour
  4541 | D:5      | Reached skill level 7 in Air Magic
  4717 | D:5      | Reached skill level 1 in Fighting
  5224 | D:5      | Reached XP level 9. HP: 25/47 MP: 5/16
  5323 | D:5      | Learned a level 3 spell: Vhi's Electric Charge
  6027 | D:6      | Learned a level 4 spell: Airstrike
  6043 | D:6      | Noticed Edmund
  6058 | D:6      | Killed Edmund
  6058 | D:6      | Offered knowledge of Poisonous Vapours by Vehumet.
  6263 | D:6      | Reached ** piety under Vehumet
  6458 | D:6      | Reached skill level 5 in Spellcasting
  6630 | D:6      | Noticed Grinder
  6642 | D:6      | Paralysed by Grinder for 3 turns
  6656 | D:6      | Killed Grinder
  6754 | D:6      | Learned a level 5 spell: Arcjolt
  6960 | D:6      | Reached skill level 8 in Air Magic
  8169 | D:7      | Found a snail-covered altar of Cheibriados.
  8169 | D:7      | Noticed a torpor snail
  8171 | D:7      | Noticed a torpor snail
  8171 | D:7      | Noticed a torpor snail
  8354 | D:7      | Reached XP level 10. HP: 56/56 MP: 15/18
  8794 | D:7      | Learned a level 2 spell: Poisonous Vapours
  9558 | D:7      | Found a burning altar of Makhleb.
  9828 | D:8      | Reached skill level 1 in Poison Magic
 10905 | D:9      | Offered knowledge of Stone Arrow by Vehumet.
 11141 | D:9      | Noticed a kobold demonologist
 11145 | D:9      | Reached *** piety under Vehumet
 11157 | D:9      | Reached skill level 9 in Air Magic
 11264 | D:9      | Killed a kobold demonologist
 11605 | D:9      | Noticed a kobold demonologist
 11606 | D:9      | Noticed a kobold demonologist
 11615 | D:9      | Killed a kobold demonologist
 11616 | D:9      | Reached XP level 11. HP: 61/62 MP: 3/21
 11622 | D:9      | Reached skill level 5 in Short Blades
 11622 | D:9      | Reached skill level 5 in Armour
 11632 | D:9      | Found a flagged portal.
 11638 | Bailey   | Entered a bailey
 11749 | Bailey   | Offered knowledge of Mephitic Cloud by Vehumet.
 11816 | Bailey   | Noticed an orc warlord
 12119 | Bailey   | Found a runed translucent gate.
 12119 | Bailey   | Found a runed translucent gate.
 12119 | Bailey   | Found a runed translucent gate.
 12275 | Bailey   | Learned a level 3 spell: Swiftness
 12810 | Bailey   | Killed an orc warlord
 12974 | Bailey   | Identified the +8 eveningstar "Soef" {heavy, rN+ Int+3}
 12981 | Bailey   | Acquired the amulet of Capsoc {Reflect -Tele Will++ Dex+3
                  | SH+5}
 13683 | D:10     | Entered Level 10 of the Dungeon
 13891 | D:10     | Reached skill level 1 in Maces & Flails
 14200 | D:10     | Reached skill level 5 in Fighting
 14250 | D:10     | Found an opulent altar of Gozag.
 14355 | D:10     | Noticed a centaur warrior
 14383 | D:10     | Killed a centaur warrior
 14573 | D:10     | Found an ornate altar of the Wu Jian Council.
 14765 | D:11     | Mangled by a shadow

Illustrated notes

Levels and vault maps discovered:
D:1:      lightli_arrival_noodles, layout_basic,
          chequers_ecumenical_altar_simple_redux
D:2:      layout_rooms, basic_altar
D:3:      layout_basic, mainiacjoe_overflow_alcove_1
D:4:      layout_cave_pods, temple_fountains, serial_shops,
          nicolae_shop_rolling_square, minmay_misc_feat_secret_circle,
          uniq_pikel, uniq_sigmund
D:5:      layout_loops_ring, nicolae_hexahallways, hangedman_minor_gate_pass
D:6:      minmay_general_purpose_star, layout_loops_ring, glass_columns_a,
          grunt_ministairs_3, uniq_edmund, uniq_grinder
D:7:      layout_loops_cross, cheibriados_altar_2, makhleb_blood_cavern_becter
D:8:      layout_rooms, serial_co_window_serial, co_window_corner_a,
          co_window_paths_b, co_window_of_opportunity_a, co_window_paths_a,
          co_window_paths_b, co_window_of_opportunity_b, co_window_paths_c,
          co_window_corner_ca, co_window_broadway_c, co_window_cross_4,
          co_window_4corner_a, glass_columns_a, minmay_misc_feat_rugged
D:9:      layout_layer_cave, enter_bailey_3, minmay_misc_feat_cross
D:10:     layout_gridville, marbit_many_paths,
          nicolae_wu_jian_immortal_techniques
D:11:     layout_loops_ring, david_lair_shrubbed, minivault_15

Skill      XL: |  1  2  3  4  5  6  7  8  9 10 11 |
---------------+----------------------------------+-----
Conjurations   | 2 3 4 5 6 7 8 |  8.9
Dodging        | 3 4 5 6 7 |  7.6
Stealth        | 3 4 5 6 7 |  7.6
Air Magic      | 5 6 7 8 9 |  9.7
Spellcasting   | 3 4 5 6 |  6.4
Short Blades   | 1 3 4 5 |  5.2
Armour         | 2 3 4 5 |  5.6
Fighting       | 1 3 4 5 |  5.1
Poison Magic   | 2 3 |  3.6
Maces & Flails | 2 |  2.5

Action                     |  1- 3 |  4- 6 |  7- 9 | 10-12 || total
---------------------------+-------+-------+-------+-------++-------
  Melee: Short sword       |    20 |    30 |    40 |    59 ||   149
         Unarmed           |     3 |       |       |       ||     3
         Kick              |     6 |     8 |    13 |    36 ||    63
         Peck              |     1 |     6 |     6 |    24 ||    37
         Punch             |       |       |     1 |       ||     1
         Eveningstar       |       |       |       |    23 ||    23
         Staff             |       |       |       |    11 ||    11
   Cast: Shock             |    65 |    68 |    84 |    53 ||   270
         Static Discharge  |     5 |     8 |    41 |     8 ||    62
         Airstrike         |       |       |    29 |    81 ||   110
         Vhi's Electric Ch |       |       |     1 |       ||     1
         Arcjolt           |       |       |       |    20 ||    20
         Poisonous Vapours |       |       |       |    11 ||    11
         Swiftness         |       |       |       |     1 ||     1
  Evoke: Wand              |       |       |       |    24 ||    24
    Use: Scroll            |     1 |    10 |     1 |     7 ||    19
         Potion            |       |     4 |     3 |     9 ||    16
   Stab: Sleeping          |       |     2 |     8 |     3 ||    13
 Armour: Robe              |    10 |    11 |     7 |     1 ||    29
         Acid dragon scale |       |       |       |    27 ||    27
  Dodge: Dodged            |    58 |    37 |    57 |   122 ||   274
  Block: Other             |       |     3 |    18 |    33 ||    54
         Reflection        |       |       |       |     3 ||     3
